 Dungeon Crawl Stone Soup version 0.27-a0-1202-ge72e49191c (webtiles) character file.

Game seed: 14616442494592530199

5906 Orlauf the Cleaver (level 10, -3/79 HPs)
             Began as a Demonspawn Gladiator on June 2, 2021.
             Was a Believer of Uskayaw.
             Slain by an orc warrior
             ... wielding a +0 glaive
              (14 damage)
             ... in a bailey.
             The game lasted 00:13:25 (7502 turns).

Orlauf the Cleaver (Demonspawn Gladiator)           Turns: 7502, Time: 00:13:26

Health: -3/79      AC: 37    Str: 17    XL:     10   Next: 53%
Magic:  14/14      EV:  3    Int: 12    God:    Uskayaw [**....]
Gold:   467        SH:  0    Dex: 19    Spells: 9/9 levels left

rFire    . . .     SeeInvis .   a - +2 war axe (vamp)
rCold    . . .     Faith    .   (no shield)
rNeg     + . .     Spirit   .   w - +7 crystal plate armour of Lesser Demons {*Slow rN+ Str+2}
rPois    +         Reflect  .   c - +2 helmet
rElec    .         Harm     .   (no cloak)
rCorr    .         Rampage  .   (no gloves)
Will     .....                  x - +2 pair of boots {Fly}
Stlth    ..........             (no amulet)
HPRegen  0.23/turn              g - +4 ring of protection
MPRegen  0.14/turn              i - ring of poison resistance

@: flying, hasted, very quick
A: claws 1, talons 2, foul stench 1, spiny 1, agile 1, clever 1
a: Renounce Religion, Stomp, Line Pass


You were in a bailey.
You worshipped Uskayaw.
Uskayaw was noncommittal.
You visited 2 branches of the dungeon, and saw 9 of its levels.
You also visited: Bailey.

You collected 467 gold pieces.

Inventory:

Hand Weapons
 a - a +2 vampiric war axe (weapon)
 b - a +2 dire flail
 u - a +2 flail of draining
Missiles
 d - 3 throwing nets
 j - 27 poisoned darts (quivered)
Armour
 c - a +2 helmet (worn)
 q - a +1 plate armour
 v - a +0 hat of stealth
 w - the +7 crystal plate armour of Lesser Demons (worn) {*Slow rN+ Str+2}
   (You found it in a bailey)

   It affects your strength (+2).
   It protects you from negative energy.
   It may slow you when you take damage.
 x - a +2 pair of boots of flying (worn)
Jewellery
 e - a ring of wizardry
 g - a +4 ring of protection (left claw)
 h - a +4 ring of protection
 i - a ring of poison resistance (right claw)
 o - a ring of positive energy
Wands
 f - a wand of flame (19)
 m - a wand of polymorph (10)
Scrolls
 l - a scroll of identify
 p - a scroll of brand weapon
Potions
 n - a potion of magic
 r - a potion of invisibility
 s - a potion of flight
 t - a potion of lignification


   Skills:
 - Level 7.0 Fighting
 + Level 10.5 Axes
 - Level 1.7 Throwing
 * Level 8.8 Armour
 - Level 2.6 Dodging
 + Level 6.1 Invocations


You had 9 spell levels left.
You didn't know any spells.
Your spell library contained the following spells:

 Spells                   Type           Power      Damage    Failure   Level
 Foxfire                  Conj/Fire      0%         2x1d4     100%        1
 Conjure Flame            Conj/Fire      0%         6-21      100%        3
 Inner Flame              Hex/Fire       0%         N/A       100%        3
 Sticky Flame             Conj/Fire      0%         2d3       100%        4
 Fireball                 Conj/Fire      0%         3d3       100%        5


Dungeon Overview and Level Annotations

Branches:
Dungeon (8/15)             Temple (1/1) D:5          Bailey (1/1)
   Lair: D:8-11

Altars:
Ashenzari
Dithmenos
Okawaru
Uskayaw
Xom

Shops:
D:7 *


Innate Abilities, Weirdness & Mutations

You have sharp fingernails.
You have razor-sharp toenails.
You may rarely emit foul miasma when damaged in melee.
You are partially covered in sharp spines.
You are agile. (Dex +2)
Your mind is acute. (Int +2)


Message History

There are monsters nearby!
You reach down and close the door.
You start resting.
HP restored.
You reach down and open the door.
The orc warrior shouts! x2; The orc knight shouts!
The orc warrior shouts!
There are monsters nearby!
Okay, then.
Your magic is already full.
You feel yourself speed up.
The orc knight roars a battlecry!
The orcs go into a battle-frenzy!
There is an open door here.
The orc warrior hits you from afar with a +0 halberd.
The orc warrior hits you from afar with a +0 glaive.
The orc knight hits you from afar with a +4 trident!
The orc knight roars a battlecry!
The orc knight goes into a battle-frenzy!
The orc warrior hits you but does no damage.
The orc warrior is struck by your spines.
The orc warrior barely misses you.
The orc knight hits you but does no damage.
The orc knight hits you with a +0 trident.
You slash the orc knight!
You feel better.
The orc knight is lightly wounded.
You hit the orc warrior.
You feel better.
The orc warrior hits you but does no damage. x2
The orc knight hits you from afar with a +4 trident!!
You slash the orc knight!
The orc knight is moderately wounded.
You hit the orc warrior.
The orc knight is struck by your spines.
The orc knight hits you with a +0 trident!!
* * * LOW HITPOINT WARNING * * *
You can now pass through a line of other dancers.
You hit the orc knight.
The orc knight is moderately wounded.
You hit the orc warrior but do no damage.
The orc warrior hits you from afar with a +0 glaive!
You die...

##..≈≈.....≈≈...##...####
########..≈≈..###..≈..##.########
.........≈≈..##.##...##.........#
≈≈≈≈≈≈≈≈≈≈..##.).#######≈≈≈≈≈≈≈.#
≈..........##.....# #####))≈.#
≈.#############'#############.≈.#
≈.##.....##.....§§..##.$$$.##.≈.#
≈..##...'#..≈≈≈§≈≈≈..## ##..≈.#
≈≈))##.##..≈≈ooo@§§≈..# ##..≈≈.#
.≈≈..#)#..§§..oo...≈≈..# #..≈≈.∩#
.≈≈.)#'#..≈≈..⌠∩⌠..≈≈..# #..≈≈.##
≈≈))##.##..§≈....§≈§..## ##..≈≈.#
≈.)##...##..§§≈≈≈§≈..#+ ##..≈.#
≈.##.....##......§.§## ##.≈.#
≈.#########§###'#############)≈.#
≈........).##.....##..........≈.#
≈≈≈≈≈≈≈≈≈≈..##.o.##..≈≈≈≈≈≈≈≈≈≈.#


You could see 2 orc knights and 3 orc warriors.

Vanquished Creatures
  Gastronok (D:8)
  Grinder (D:3)
  A troll (D:4)
  A wyvern (D:8)
  Duvessa (D:6)
  A water moccasin (D:6)
  6 orc warriors
  2 sky beasts
  An ogre (D:5)
  An ice beast (D:5)
  2 necrophages
  A centaur (D:7)
  2 phantoms
  2 bullfrogs
  2 scorpions
  A gnoll sergeant (D:4)
  3 water moccasin skeletons
  A wyvern skeleton (D:7)
  Dowan (D:6)
  6 killer bees (D:7)
  8 wights
  2 howler monkeys (D:8)
  A bullfrog zombie (D:5)
  3 hounds
  A centaur zombie (D:5)
  2 orc priests
  3 gnoll shamans
  3 iguanas
  2 bullfrog skeletons
  Ijyb (D:5)
  5 orc wizards
  A killer bee zombie (D:7)
  14 gnolls
  A howler monkey skeleton (D:7)
  6 adders
  An ufetubus (D:4)
  An adder skeleton (D:4)
  3 dart slugs
  22 orcs
  3 ball pythons
  7 endoplasms
  6 giant cockroaches
  14 goblins
  7 hobgoblins
  7 jackals
  4 kobolds
  5 quokkas
  3 bats (D:1)
  2 frilled lizards (D:1)
  2 rats
177 creatures vanquished.

Vanquished Creatures (others)
  2 demonic plants (D:1)
  2 fungi (D:1)
  15 plants
  A withered plant (D:1)
20 creatures vanquished.

Grand Total: 197 creatures vanquished

Notes
Turn   | Place    | Note
-------+----------+-------------------------------------------
     0 | D:1      | Orlauf the Demonspawn Gladiator began the quest for the
                  | Orb.
     0 | D:1      | Reached XP level 1. HP: 16/16 MP: 1/1
   224 | D:1      | Found a faded altar of an unknown god.
   381 | D:1      | Reached skill level 3 in Axes
   735 | D:1      | Gained mutation: You have sharp toenails. [demonic
                  | ancestry]
   735 | D:1      | Reached XP level 2. HP: 19/22 MP: 2/2
  1097 | D:1      | Reached XP level 3. HP: 28/28 MP: 3/3
  2211 | D:3      | Found an iron altar of Okawaru.
  2211 | D:3      | Found a shimmering altar of Xom.
  2212 | D:3      | Found a broken altar of Ashenzari.
  2313 | D:3      | Noticed Grinder
  2314 | D:3      | Reached skill level 5 in Fighting
  2314 | D:3      | Reached skill level 7 in Axes
  2314 | D:3      | Gained mutation: You may rarely emit foul miasma when
                  | damaged in melee. [demonic ancestry]
  2314 | D:3      | Reached XP level 4. HP: 40/40 MP: 4/4
  2319 | D:3      | Gained mutation: Your mind is acute. (Int +2) [potion of
                  | mutation]
  2319 | D:3      | Gained mutation: You are agile. (Dex +2) [potion of
                  | mutation]
  2336 | D:3      | Paralysed by Grinder for 6 turns
  2344 | D:3      | Paralysed by Grinder for 5 turns
  2349 | D:3      | Killed Grinder
  2350 | D:3      | Reached skill level 8 in Axes
  2350 | D:3      | Reached XP level 5. HP: 46/46 MP: 5/5
  2350 | D:3      | Gained mutation: You are partially covered in sharp spines.
                  | [demonic ancestry]
  2350 | D:3      | Reached XP level 6. HP: 52/52 MP: 6/6
  3301 | D:4      | Noticed a sky beast
  3307 | D:4      | Reached XP level 7. HP: 57/59 MP: 7/7
  3668 | D:5      | Entered Level 5 of the Dungeon
  3668 | D:5      | Noticed Ijyb
  3675 | D:5      | Killed Ijyb
  3685 | D:5      | Reached skill level 9 in Axes
  3708 | D:5      | Noticed a troll
  3732 | D:4      | Killed a troll
  3733 | D:4      | Gained mutation: You have razor-sharp toenails. [demonic
                  | ancestry]
  3733 | D:4      | Reached XP level 8. HP: 36/67 MP: 8/8
  4005 | D:5      | Reached skill level 5 in Armour
  4516 | D:5      | Found a staircase to the Ecumenical Temple.
  4522 | Temple   | Entered the Ecumenical Temple
  4552 | Temple   | Became a worshipper of Uskayaw the Reveller
  4584 | D:5      | Reached * piety under Uskayaw
  4629 | D:6      | Reached ** piety under Uskayaw
  4633 | D:6      | Reached skill level 1 in Invocations
  4681 | D:6      | Gained mutation: You have sharp fingernails. [demonic
                  | ancestry]
  4681 | D:6      | Reached XP level 9. HP: 67/72 MP: 9/9
  4685 | D:6      | Reached *** piety under Uskayaw
  4688 | D:6      | Reached **** piety under Uskayaw
  4954 | D:6      | Noticed Duvessa
  4955 | D:6      | Noticed Dowan
  4962 | D:6      | Killed Dowan
  4962 | D:6      | Reached ***** piety under Uskayaw
  4964 | D:6      | Killed Duvessa
  5149 | D:6      | Identified the +3 ring mail of Tuikk {rN+++ rCorr Str-5
                  | Dex-4}
  5551 | D:7      | Found Lehoidd's Blasphemy Boutique.
  5687 | D:7      | Reached skill level 10 in Axes
  6339 | D:8      | Noticed Gastronok
  6357 | D:8      | Killed Gastronok
  6358 | D:8      | Reached skill level 5 in Invocations
  6358 | D:8      | Reached XP level 10. HP: 36/79 MP: 11/14
  6473 | D:8      | Found a flagged portal.
  6481 | Bailey   | Entered a bailey
  6988 | Bailey   | Noticed an orc knight
  6988 | Bailey   | Noticed an orc knight
  7211 | Bailey   | Identified the +7 crystal plate armour of Lesser Demons
                  | {*Slow rN+ Str+2}
  7502 | Bailey   | Slain by an orc warrior

Illustrated notes

Levels and vault maps discovered:
D:1:      kennysheep_arrival_forest, layout_basic, shapermc_ecumenical_altar_gd
D:2:      layout_rooms, hangedman_decor_growths,
          hangedman_abyss_or_decor_lesser_grid
D:3:      kennysheep_the_goblin_king, layout_rooms,
          gammafunk_temple_overflow_forgotten, uniq_grinder
D:4:      minmay_chambers_of_twos, layout_basic
D:5:      layout_cave_pools, minmay_temple_entry_enclosed_plants, uniq_ijyb
D:6:      layout_cave_pools, uniq_duvessa
D:7:      layout_gridville, nicolae_evil_shop
D:8:      layout_rooms, minitemple, nicolae_ossuary_entry_giza, serial_bayou,
          serial_bayou_lagoon_b, serial_bayou_pond_c, serial_bayou_shore_b,
          enter_bailey_3, uniq_gastronok
Temple:   regret_index_temple_generic_petals
Bailey:   bailey_polearm_1, bailey

Skill      XL: |  1  2  3  4  5  6  7  8  9 10 |
---------------+-------------------------------+-----
Axes           | 3 7 8 9 10 | 10.5
Fighting       | 5 6 7 |  7.0
Armour         | 4 6 8 |  8.8
Invocations    | 1 5 6 |  6.1
Throwing       | |  1.7
Dodging        | |  2.6

Action                   |  1- 3 |  4- 6 |  7- 9 | 10-12 || total
-------------------------+-------+-------+-------+-------++-------
Melee: War axe           |    97 |    60 |   199 |    58 ||   414
       Kick              |    11 |    16 |    57 |    19 ||   103
Throw: Throwing net      |     2 |       |     1 |       ||     3
       Dart              |       |       |       |    28 ||    28
Evoke: Wand              |       |       |     4 |       ||     4
  Use: Scroll            |     5 |     2 |     9 |     1 ||    17
       Potion            |     1 |     3 |       |     3 ||     7
 Stab: Paralysed         |       |       |    23 |     5 ||    28
Armor: Leather armour    |    27 |       |       |       ||    27
       Scale mail        |     5 |    16 |       |       ||    21
       Skin              |       |     9 |       |       ||     9
       Chain mail        |       |     7 |    46 |       ||    53
       Plate armour      |       |       |   100 |    97 ||   197
       Crystal plate arm |       |       |       |     4 ||     4
Dodge: Dodged            |    58 |    18 |    58 |    42 ||   176

Table legend: (Time is in decaauts)
 A = Elapsed time spent in this place.
 B = Non-inter-level travel time spent in this place.
 C = Inter-level travel time spent in this place.
 D = Time resting spent in this place.
 E = Time spent auto-exploring this place.
 F = Levels seen in this place.
 G = Mean time per level.
                   A        B        C        D        E       F      G
               +--------+--------+--------+--------+--------+-----+--------+
         Total |   7561 |   7375 |    186 |   1205 |   4796 |  10 |  756.1 |
       Dungeon |   6488 |   6329 |    159 |    613 |   4636 |   8 |  811.0 |
        Temple |     56 |     30 |     26 |      0 |     23 |   1 |   56.0 |
        Bailey |   1015 |   1015 |      0 |    592 |    137 |   1 | 1015.0 |
               +--------+--------+--------+--------+--------+-----+--------+

Top non-repeatable levels by time:
     D:1: 1598 daAuts
     D:4: 1127 daAuts
  Bailey: 1015 daAuts
     D:7: 983 daAuts
     D:5: 735 daAuts
     D:6: 705 daAuts
     D:3: 580 daAuts
     D:2: 567 daAuts
     D:8: 189 daAuts
  Temple: 56 daAuts
